 Dungeon Crawl Stone Soup version 0.27-a0-25-g087482e4d5 (webtiles) character file.

Game seed: 5810258744211353161

63 RETERIOR the Chiller (level 3, -7/26 HPs)
             Began as a Draconian Ice Elementalist on Jan 2, 2021.
             Killed by nerve-wracking pain
             ... invoked by Jessica
              (9 damage)
             ... on level 3 of the Dungeon.
             The game lasted 00:04:57 (2356 turns).

RETERIOR the Chiller (Draconian Ice Elementalist)   Turns: 2356, Time: 00:04:58

Health: -7/26      AC:  5    Str: 10    XL:     3   Next: 87%
Magic:  6/6        EV: 12    Int: 16    God:
Gold:   50         SH:  0    Dex: 11    Spells: 6/7 levels left

rFire    . . .     SeeInvis .   d - +0 club
rCold    . . .     Faith    .   (no shield)
rNeg     . . .     Spirit   .   (armour unavailable)
rPois    .         Reflect  .   (helmet restricted)
rElec    .         Harm     .   (no cloak)
rCorr    .         Rampage  .   (no gloves)
Will     .....                  (no boots)
Stlth    ++........             (no amulet)
HPRegen  0.08/turn              (no ring)
MPRegen  0.10/turn              (no ring)

@: no status effects
A: unfitting armour, cold-blooded, AC +5
a: no special abilities


You were on level 3 of the Dungeon.
You visited 1 branch of the dungeon, and saw 3 of its levels.

You collected 50 gold pieces.

Inventory:

Hand Weapons
 d - a +0 club (weapon)
 h - a +0 whip
 p - a +0 short sword of holy wrath
Missiles
 k - 3 atropa-tipped darts
 o - 15 bolts
Armour
 b - a +0 ring mail
 g - a +4 ring mail
Scrolls
 f - 2 scrolls of teleportation {unknown}
 j - 2 scrolls of remove curse {unknown}
 m - a scroll of enchant weapon {unknown}
 n - a scroll of fear {unknown}
Potions
 a - 2 potions of might {unknown}
 c - 2 potions of invisibility {unknown}
 e - a potion of heal wounds {unknown}
 i - a potion of curing {unknown}
 l - 2 potions of attraction {unknown}
 q - a potion of lignification {unknown}


   Skills:
 + Level 0.3 Fighting
 + Level 0.8 Maces & Flails
 + Level 2.1 Dodging
 + Level 1.8 Stealth
 + Level 2.5 Spellcasting
 + Level 4.8 Ice Magic


You had 6 spell levels left.
You knew the following spells:

 Your Spells              Type           Power        Failure   Level
a - Freeze                Ice            68%          2%          1

Your spell library contained the following spells:

 Spells                   Type           Power        Failure   Level
 Frozen Ramparts          Ice            34%          9%          3
 Ozocubu's Armour         Ice            17%          9%          3
 Hailstorm                Conj/Ice       9%           58%         4
 Summon Ice Beast         Ice/Summ       9%           58%         4


Dungeon Overview and Level Annotations

Branches:
Dungeon (3/15)

Altars:
Trog

Annotations:
D:3 Jessica


Innate Abilities, Weirdness & Mutations

Your plain brown scales are hard. (AC +5)
You cannot fit into any form of body armour.
You are cold-blooded and may be slowed by cold attacks.


Message History

Jessica hits you with a +0 dagger.
Unknown command.
Jessica closely misses you. x2; The rat completely misses you.
Jessica hits you with a +0 dagger. Jessica barely misses you.
The rat closely misses you. Jessica closely misses you.
Jessica hits you with a +0 dagger. The rat bites you but does no damage.
Jessica hits you with a +0 dagger.
* * * LOW HITPOINT WARNING * * *
You feel yourself speed up. The rat bites you.
* * * LOW HITPOINT WARNING * * *
Jessica barely misses you.
Your magical contamination has completely faded away.
Jessica mumbles some strange words.
Jessica blinks!
The rat bites you.
* * * LOW HITPOINT WARNING * * *
Jessica gestures at you while chanting. Pain shoots through your body!
You die...

... #.#.##.# ....
#...##.#
.....##.#.##.#######
...................#
....##.#....#####.###
. #.####@# .....
#.####.###.#.###
#...............
#.####.#@..#.###
#......r........
#.########...... #.#
...### ### #.# .# #


You could see Jessica (fast) and a rat.

Vanquished Creatures
  An ooze (D:1)
  2 dart slugs (D:2)
  A leopard gecko (D:2)
  5 bats
  3 giant cockroaches (D:2)
  6 goblins
  3 hobgoblins
  8 jackals (D:2)
  6 kobolds
  A quokka (D:2)
  2 ball pythons (D:2)
  5 frilled lizards
  6 rats
49 creatures vanquished.

Vanquished Creatures (others)
  A plant (D:1)
1 creature vanquished.

Grand Total: 50 creatures vanquished

Notes
Turn   | Place    | Note
-------+----------+-------------------------------------------
     0 | D:1      | RETERIOR the Draconian Ice Elementalist began the quest for
                  | the Orb.
     0 | D:1      | Reached XP level 1. HP: 14/14 MP: 3/3
   334 | D:1      | Reached XP level 2. HP: 16/20 MP: 3/5
   975 | D:2      | Reached XP level 3. HP: 18/26 MP: 1/6
  1699 | D:2      | Found a bloodstained altar of Trog.
  2336 | D:3      | Noticed Jessica
  2356 | D:3      | Killed from afar by Jessica

Illustrated notes

Levels and vault maps discovered:
D:1:      giann_bridges, layout_loops_ring, chequers_serial_rivers_micro_d,
          hangedman_decor_points
D:2:      layout_loops_corners, nicolae_overflow_hidden_temple,
          minmay_misc_feat_roman, chequers_serial_rivers_micro_d, minivault_27
D:3:      layout_basic, corexii_hall_statues_u,
          nicolae_gozag_cash_rules_everything_around_me, uniq_jessica

Skill      XL: |  1  2  3 |
---------------+----------+-----
Dodging        | 2 |  2.1
Fighting       | |  0.3
Maces & Flails | |  0.8
Stealth        | |  1.8
Spellcasting   | |  2.5
Ice Magic      | |  4.8

Action                   || total
-------------------------++-------
Melee: Club              ||    86
       Tailslap          ||     9
       Unarmed           ||     1
 Cast: Freeze            ||    45
 Stab: Distracted        ||     1
Armor: Skin              ||    55
Dodge: Dodged            ||   135

Table legend: (Time is in decaauts)
 A = Elapsed time spent in this place.
 B = Non-inter-level travel time spent in this place.
 C = Inter-level travel time spent in this place.
 D = Time resting spent in this place.
 E = Time spent auto-exploring this place.
 F = Levels seen in this place.
 G = Mean time per level.
                   A        B        C        D        E       F      G
               +--------+--------+--------+--------+--------+-----+--------+
         Total |   2388 |   2364 |     24 |    221 |   1452 |   3 |  796.0 |
       Dungeon |   2388 |   2364 |     24 |    221 |   1452 |   3 |  796.0 |
               +--------+--------+--------+--------+--------+-----+--------+

Top non-repeatable levels by time:
     D:2: 1557 daAuts
     D:1: 784 daAuts
     D:3: 46 daAuts
